 Dungeon Crawl Stone Soup version 0.18.1-6-gd335043 (webtiles) character file.

184 manyhoops the Chopper (level 5, -11/39 HPs)
             Began as a Demonspawn Gladiator on May 15, 2016.
             Mangled by an ogre
             ... wielding a +0 giant club
              (24 damage)
             ... on level 4 of the Dungeon.
             The game lasted 00:05:42 (2509 turns).

manyhoops the Chopper (Demonspawn Gladiator)        Turns: 2509, Time: 00:05:43

Health: -11/39     AC: 13    Str: 16    XL:     5   Next: 36%
Magic:  5/5        EV:  7    Int:  9    God:
Gold:   111        SH:  0    Dex: 14    Spells: 0 memorised, 4 levels left

rFire  . . .     SeeInvis .     a - +0 war axe
rCold  . . .     Gourm    .     k - +0 chain mail
rNeg   . . .     Faith    .     (no shield)
rPois  .         Spirit   .     (helmet restricted)
rElec  .         Dismiss  .     c - +0 cloak
rCorr  +         Reflect  .     r - +2 pair of gloves
SustAt .         Harm     .     (no boots)
MR     .....                    (no amulet)
Stlth  ..........               i - ring of wizardry
                                s - ring of resist corrosion

@: not resistant to hostile enchantments, extremely unstealthy
A: horns 1, powered by death 1, rot immunity
a: no special abilities


You were on level 4 of the Dungeon.
You were not hungry.

You visited 1 branch of the dungeon, and saw 4 of its levels.

You collected 111 gold pieces.

Inventory:

Hand Weapons
 a - a +0 war axe (weapon)
Missiles
 d - 3 throwing nets (quivered)
Armour
 c - a +0 cloak (worn)
 k - a +0 chain mail (worn)
 l - a +0 scale mail
 r - a +2 pair of gloves (worn)
Jewellery
 i - a ring of wizardry (right hand)
 s - a ring of resist corrosion (left hand)
Scrolls
 e - a scroll of recharging
 j - a scroll of teleportation {unknown}
 q - a scroll of fog
Potions
 b - a potion of magic
 h - a potion of heal wounds
 m - a potion of resistance
 o - a potion of cancellation {unknown}
 p - a potion of curing {unknown}
 t - a potion of lignification {unknown}
Comestibles
 f - a bread ration
 g - 9 fruits
 n - a slice of pizza


   Skills:
 + Level 2.6 Fighting
 + Level 4.4 Axes
 - Level 1.7 Throwing
 + Level 2.5 Armour
 - Level 2.6 Dodging


You had 4 spell levels left.
You didn't know any spells.

Dungeon Overview and Level Annotations

Branches:
Dungeon (4/15)
 Temple: D:4-7

Altars:
Okawaru
Ru
Trog

Annotations:
D:3 Sigmund
D:4 Hipnos's ghost, amateur GrFi


Innate Abilities, Weirdness & Mutations

You have a pair of small horns on your head.
You regenerate a little health from kills.
You are immune to rotting.


Message History

You hit Hipnos's ghost but do no damage.
Hipnos's ghost hits you but does no damage.
The ogre hits you with a giant club!
* * * LOW HITPOINT WARNING * * *
Hipnos's ghost hits you.
* * * LOW HITPOINT WARNING * * *
You feel much better. Hipnos's ghost closely misses you.
The ogre closely misses you.
Your chain mail prevents you from hitting the ogre.
The ogre is severely wounded.
You hit Hipnos's ghost.
Hipnos's ghost is lightly damaged.
Hipnos's ghost barely misses you. The ogre hits you with a giant club!
You slash the ogre!
The ogre is almost dead.
Your chain mail prevents you from hitting Hipnos's ghost.
Hipnos's ghost is lightly damaged.
Hipnos's ghost hits you. The ogre hits you with a giant club!!
Ouch! That really hurt!
You die...

#...W.[...........#.###.....
#..#######.#####.###.#......
#..# #..W[..## ##.......
#..# #######.###.#......
#..# ##.#.##.....# #..#
##.##.#....# #.W#
#.#........
#..###############.#..#.#.##
..........O@W.............##
.#######.#######............
. #<# #.###.##..... #.#
##.###.#######
#.######...##).......
#.>......>........###
########...######.# ##.## #
#.#


You could see an ogre and Hipnos's ghost.

Vanquished Creatures
  An iguana (D:4)
  A worker ant (D:3)
  4 adders
  A shadow imp (D:4)
  An ooze (D:4)
  An adder skeleton (D:4)
  3 dart slugs
  4 giant geckos
  6 orcs
  5 giant cockroaches
  5 goblins
  7 hobgoblins
  4 jackals
  6 kobolds
  2 quokkas (D:2)
  6 bats
  4 giant newts
  9 rats
70 creatures vanquished.

Notes
Turn   | Place    | Note
--------------------------------------------------------------
     0 | D:1      | manyhoops the Demonspawn Gladiator began the quest for the Orb.
     0 | D:1      | Reached XP level 1. HP: 16/16 MP: 1/1
    58 | D:1      | Reached skill level 3 in Axes
    73 | D:1      | Gained mutation: You have a pair of small horns on your head. [demonic ancestry]
    73 | D:1      | Reached XP level 2. HP: 17/22 MP: 2/2
   878 | D:2      | Reached skill level 1 in Armour
   878 | D:2      | Gained mutation: You are immune to rotting. [demonic ancestry]
   878 | D:2      | Reached XP level 3. HP: 19/27 MP: 3/3
  1095 | D:2      | Found a sacrificial altar of Ru.
  1336 | D:2      | Gained mutation: You regenerate a little health from kills. [demonic ancestry]
  1336 | D:2      | Reached XP level 4. HP: 26/33 MP: 4/4
  1588 | D:2      | Found a bloodstained altar of Trog.
  1609 | D:2      | Reached skill level 4 in Axes
  1680 | D:3      | Found an iron altar of Okawaru.
  1838 | D:3      | Noticed Sigmund
  2307 | D:4      | Noticed a phantom
  2370 | D:4      | Reached XP level 5. HP: 19/39 MP: 5/5
  2437 | D:4      | Noticed Hipnos's ghost (amateur GrFi)
  2499 | D:4      | Noticed an ogre
  2509 | D:4      | Mangled by an ogre

Skill      XL: |  1  2  3  4 |
---------------+-------------+-----
Axes           | 3 4 |  4.4
Armour         | 1 2 |  2.5
Fighting       | |  2.6
Throwing       | |  1.7
Dodging        | |  2.6

Action                   |  1- 3 |  4- 6 || total
-------------------------+-------+-------++-------
Melee: War axe           |    89 |   104 ||   193
       Headbutt          |    12 |    15 ||    27
  Use: Scroll            |       |     6 ||     6
       Potion            |       |     1 ||     1
  Eat: Chunk             |     1 |     4 ||     5
Armor: Leather armour    |    13 |       ||    13
       Scale mail        |    21 |    23 ||    44
       Chain mail        |       |    26 ||    26
Dodge: Dodged            |    58 |    60 ||   118
